 Dungeon Crawl Stone Soup version 0.26.1-11-gd32895ea62 (webtiles) character file.

Game seed: 5538969394128539474

102 hawla the Conjurer (level 4, -1/35 HPs)
             Began as a Draconian Conjurer on May 13, 2021.
             Slain by a goblin
             ... wielding a +0 club
             ... led by Robin
              (3 damage)
             ... on level 2 of the Dungeon.
             The game lasted 00:05:11 (1574 turns).

hawla the Conjurer (Draconian Conjurer)             Turns: 1574, Time: 00:05:11

Health: -1/35      AC:  6    Str:  9    XL:     4   Next: 49%
Magic:  1/8        EV: 12    Int: 19    God:
Gold:   66         SH:  0    Dex: 10    Spells: 5/8 levels left

rFire    . . .     SeeInvis .   f - +0 quarterstaff
rCold    . . .     Faith    .   (shield currently unavailable)
rNeg     . . .     Spirit   .   (armour unavailable)
rPois    .         Reflect  .   g - +1 hat
rElec    .         Harm     .   (no cloak)
rCorr    .         Rampage  .   (no gloves)
Will     .....                  (no boots)
Stlth    ++........             (no amulet)
HPRegen  0.11/turn              (no ring)
MPRegen  0.11/turn              (no ring)

@: about to teleport
A: unfitting armour, cold-blooded, AC +5
a: no special abilities


You were on level 2 of the Dungeon.
You visited 1 branch of the dungeon, and saw 2 of its levels.

You collected 66 gold pieces.

Inventory:

Hand Weapons
 f - a +0 quarterstaff (weapon)
Armour
 g - a +1 hat (worn)
Scrolls
 d - 2 scrolls of remove curse {unknown}
Potions
 b - 2 potions of might
 e - a potion of lignification


   Skills:
 - Level 1.0 Fighting
 - Level 2.0 Dodging
 - Level 2.0 Stealth
 + Level 2.9 Spellcasting
 + Level 4.6 Conjurations
 + Level 2.0 Translocations


You had 5 spell levels left.
You knew the following spells:

 Your Spells              Type           Power        Failure   Level
a - Magic Dart            Conj           80%          2%          1
b - Searing Ray           Conj           40%          3%          2

Your spell library contained the following spells:

 Spells                   Type           Power        Failure   Level
 Dazzling Flash           Conj/Hex       22%          19%         3
 Iskenderun's Mystic Bla  Conj/Tloc      15%          36%         4
 Fulminant Prism          Conj/Hex       5%           52%         4


Dungeon Overview and Level Annotations

Branches:
Dungeon (2/15)

Altars:


Innate Abilities, Weirdness & Mutations

Your plain brown scales are hard. (AC +5)
You cannot fit into any form of body armour.
You are cold-blooded and may be slowed by cold attacks.


Message History

The searing ray hits Natasha!
You kill Natasha!
Natasha yowls pathetically as she dies!
The white imp disappears in a puff of smoke!
The iron imp disappears in a puff of smoke!
You feel a bit more experienced.
You finish channeling your searing ray.
The goblin hits you with a +0 club. The hobgoblin barely misses you.
The goblin hits you with a +0 dagger.
* * * LOW HITPOINT WARNING * * *
Your Translocations skill increases to level 2!
Okay, then.
As you read the scroll of teleportation, it crumbles to dust.
You feel strangely unstable. The goblin hits you with a +0 club.
* * * LOW HITPOINT WARNING * * *
The hobgoblin hits you.
* * * LOW HITPOINT WARNING * * *
The goblin barely misses you.
Okay, then.
The goblin hits you with a +0 club.
You die...

#.......###.........#..###
####.......##..#†........##
...........##.###......###
#........#..####....##
#...............####
##.....##†#######
#.##.....####
##.####......## ###..#
#..###g@#######
##...##........g§.§.....
).....)..##.####gg######
#.####.####.# ##.)g #.#
##.# #. ###gl #.##...# #.
... #.#..# ## .. ....# .
..###


You could see 2 hobgoblins and 2 goblins.

Vanquished Creatures
  Natasha (D:2)
  Robin (D:2)
  A gnoll (D:1)
  An adder (D:2)
  3 leopard geckos
  6 bats
  A giant cockroach (D:2)
  9 goblins
  7 hobgoblins
  4 jackals (D:1)
  4 frilled lizards
  A kobold (D:1)
  3 rats (D:1)
42 creatures vanquished.

Notes
Turn   | Place    | Note
-------+----------+-------------------------------------------
     0 | D:1      | hawla the Draconian Conjurer began the quest for the Orb.
     0 | D:1      | Reached XP level 1. HP: 14/14 MP: 3/3
   187 | D:1      | Reached XP level 2. HP: 16/22 MP: 0/5
   190 | D:1      | Learned a level 2 spell: Searing Ray
   567 | D:1      | Reached skill level 1 in Fighting
   741 | D:1      | Reached XP level 3. HP: 19/28 MP: 0/6
   942 | D:1      | Reached skill level 1 in Translocations
  1563 | D:2      | Noticed Robin
  1565 | D:2      | Noticed Natasha
  1571 | D:2      | Killed Robin
  1572 | D:2      | Reached XP level 4. HP: 18/35 MP: 2/8
  1572 | D:2      | Killed Natasha
  1574 | D:2      | Slain by a goblin

Illustrated notes

Levels and vault maps discovered:
D:1:      evilmike_arrival_fibonacci_small, layout_loops_ring
D:2:      layout_rooms, uniq_natasha, uniq_robin, uniq_sigmund

Skill      XL: |  1  2  3  4 |
---------------+-------------+-----
Dodging        | 2 |  2.0
Stealth        | 2 |  2.0
Fighting       | 1 |  1.0
Translocations | 1 2 |  2.0
Spellcasting   | |  2.9
Conjurations   | |  4.6

Action                   |  1- 3 |  4- 6 || total
-------------------------+-------+-------++-------
Melee: Unarmed           |    31 |       ||    31
       Tailslap          |     5 |       ||     5
       Quarterstaff      |     3 |       ||     3
 Cast: Magic Dart        |    28 |       ||    28
       Searing Ray       |    19 |       ||    19
  Use: Scroll            |     3 |     1 ||     4
Armor: Skin              |    25 |       ||    25
Dodge: Dodged            |    54 |     2 ||    56
